 Dungeon Crawl Stone Soup version 0.16.0-18-g484a79e (webtiles) character file.

55 Zugr the Changer (level 3, 0/46 HPs)
             Began as a Naga Transmuter on Mar 23, 2015.
             Succumbed to an adder's poison
             ... on level 1 of the Dungeon.
             The game lasted 00:09:14 (2105 turns).

Zugr the Changer (Naga Transmuter)                  Turns: 2105, Time: 00:09:14

Health: 0/46       AC: 21    Str: 12    XL:     3   Next: 93%
Magic:  6/6        EV:  1    Int: 14    God:
Gold:   118        SH:  0    Dex: 11    Spells: 1 memorised, 5 levels left

rFire  . . .     SeeInvis +       - Unarmed
rCold  . . .     Clarity  .     c - melded +0 robe
rNeg   + + +     SustAb   .     (no shield)
rPois  +         Gourm    .     (helmet currently unavailable)
rElec  .         Spirit   .     (cloak currently unavailable)
rCorr  .         Warding  .     (gloves currently unavailable)
rMut   .         NoTele   +     (no barding)
MR     .....                    (no amulet)
Stlth  +.........               (no ring)
                                (no ring)

@: lethally poisoned (0 -> -2), tree-form, not resistant to hostile
enchantments, very unstealthy
A: spit poison, (stinger 0), (iridescent scales 0), see invisible, (deformed
body), (poison resistance), (slowness 0), MP-powered wands 1, AC +1
a: Spit Poison


You were on level 1 of the Dungeon.
You were not hungry.
You were a tree.
You visited 1 branch of the dungeon, and saw 2 of its levels.

You collected 118 gold pieces.

Inventory:

Missiles
 b - 45 arrows
Armour
 c - a +0 robe (melded)
Scrolls
 e - a scroll of immolation
 h - 2 scrolls of fog {unknown}
 i - 2 scrolls of identify
 l - a scroll of remove curse {unknown}
 n - a scroll of blinking {unknown}
 o - a scroll of amnesia {unknown}
Potions
 j - a potion of cancellation
Books
 d - a book of Changes

   Spells                             Type                      Level
   a - Beastly Appendage              Transmutation                1
   b - Sticks to Snakes               Transmutation                2
   c - Spider Form                    Transmutation/Poison         3
   d - Ice Form                       Ice/Transmutation            4
   e - Blade Hands                    Transmutation                5
Comestibles
 a - a bread ration
 g - 3 beef jerkies
 k - a slice of pizza


   Skills:
 - Level 1.0 Fighting
 - Level 1.5 Dodging
 - Level 3.0 Unarmed Combat
 - Level 2.0 Spellcasting
 + Level 4.1 Transmutations


You had 5 spell levels left.
You knew the following spells:

 Your Spells              Type           Power        Failure   Level  Hunger
a - Beastly Appendage     Trmt           ##....       4%          1    ##.....


Dungeon Overview and Level Annotations

Branches:
Dungeon (2/15)

Altars:
The Shining One


Innate Abilities, Weirdness & Mutations

You cannot wear boots.
You can spit poison.
((Your serpentine skin is tough (AC +1).))
You have supernaturally acute eyesight.
((Armour fits poorly on your strangely shaped body.))
((Your system is resistant to poisons.))
((You cover ground very slowly.))
((Your tail ends in a poisonous barb.))
((You are partially covered in iridescent scales (AC +4).))
You expend magic power (3 MP) to slightly strengthen your wands.


Message History

You feel sick. The adder bites you but does no damage.
The adder bites you but does no damage.
You smack the adder!
You kill the adder!
Your Transmutations skill increases to level 4!
* * * LOW HITPOINT WARNING * * *
You feel sick.
Read which item? (? for menu, Esc to quit)
As you read the scroll labeled XOEWNUA GRARCHU, it crumbles to dust.
It is a scroll of identify.
Identify which item? (\ to view known items) (? for menu, Esc to quit)
e - a scroll of immolation Read which item? (? for menu, Esc to quit)
As you read the scroll labeled SHRIDEBRINEUPIS, it crumbles to dust.
It is a scroll of enchant weapon.
You aren't carrying any weapons that can be enchanted.
Read which item? (? for menu, Esc to quit)
As you read the scroll labeled PIXURPH SUSESI, it crumbles to dust.
You feel a strange sense of stasis.
It was a scroll of teleportation.
You die...

...##.#.##.###.#..#..........####
...##.#.##..##.#..############
#####.#.###.##.#.........# #.#.#
#)#....#######.# #.#.# #.#...##
#.# #.#.# #...#.## #.#
#.#.####..#..# #.#
#.#....>..##.#######.#
#.#.###.#.#.♣........#
#.#.....#...##########
#.#.#####.### #.........#
###.####### #.# #.# #.# #######.#


There were no monsters in sight!

Vanquished Creatures
  A gnoll (D:2)
  An adder (D:1)
  A worm (D:2)
  7 bats
  A giant cockroach (D:2)
  5 hobgoblins
  A giant gecko (D:1)
  2 goblins
  7 kobolds (D:1)
  4 rats
30 creatures vanquished.

Notes
Turn   | Place    | Note
--------------------------------------------------------------
     0 | D:1      | Zugr, the Naga Transmuter, began the quest for the Orb.
     0 | D:1      | Reached XP level 1. HP: 18/18 MP: 3/3
   120 | D:1      | Reached XP level 2. HP: 25/25 MP: 2/4
  1547 | D:2      | Reached XP level 3. HP: 27/31 MP: 4/6
  1603 | D:2      | Found a glowing golden altar of the Shining One.
  2095 | D:1      | Gained mutation: You are partially covered in iridescent scales (AC +4). [potion of mutation]
  2095 | D:1      | Gained mutation: Your tail ends in a poisonous barb. [potion of mutation]
  2095 | D:1      | Gained mutation: You expend magic power (3 MP) to slightly strengthen your wands. [potion of mutation]
  2098 | D:1      | HP: 2/46 [poisoned by an adder]
  2101 | D:1      | Reached skill level 4 in Transmutations
  2105 | D:1      | Succumbed to an adder's poison

Action                   || total
-------------------------++-------
Melee: Unarmed           ||   125
 Cast: Beastly Appendage ||    27
  Use: Potion            ||     4
       Scroll            ||     3
 Stab: Invisible         ||     1
  Eat: Royal jelly       ||     1
       Chunk             ||     1
       Bread ration      ||     1
